 Dungeon Crawl Stone Soup version 0.28.0-1-gb440e238dd (webtiles) character file.

Game seed: 14426811663751197344

291 Morbidden the Skirmisher (level 5, 0/45 HPs)
             Began as a Demigod Fighter on Feb 20, 2022.
             Slain by an elf zombie (1 damage)
             ... in an ossuary.
             The game lasted 00:02:33 (2665 turns).

Morbidden the Skirmisher (Demigod Fighter)          Turns: 2665, Time: 00:02:34

Health: 0/45       AC:  6    Str: 21    XL:     5   Next: 84%
Magic:  7/7        EV:  9    Int: 10    God:
Gold:   186        SH:  4    Dex: 13    Spells: 4/4 levels left

rFire   + . .      SeeInvis .   a - +0 long sword
rCold   + . .      Faith    .   c - +0 buckler
rNeg    . . .      Spirit   .   i - +0 scale mail
rPois   +          Reflect  .   (no helmet)
rElec   +          Harm     .   (no cloak)
rCorr   +          Rampage  .   (no gloves)
Will    .....                   (no boots)
Stlth   ..........              (no amulet)
HPRegen 0.15/turn               (no ring)
MPRegen 0.10/turn               (no ring)

@: resistant, on berserk cooldown, slowed, very slow
A: high MP 1, forlorn, divine attributes
a: no special abilities


You were in an ossuary.
You visited 1 branch of the dungeon, and saw 4 of its levels.
You also visited: Ossuary.

You collected 186 gold pieces.

Inventory:

Hand Weapons
 a - a +0 long sword (weapon)
 b - a +1 hunting sling of freezing
Missiles
 e - 41 stones (quivered)
 r - 4 poisoned darts
Armour
 c - a +0 buckler (worn)
 i - a +0 scale mail (worn)
Wands
 q - a wand of flame (12)
Scrolls
 d - a scroll of teleportation {unknown}
 g - a scroll of fear {unknown}
 k - a scroll of magic mapping {unknown}
 n - a scroll of identify {unknown}
Potions
 j - a potion of mutation {unknown}
 l - a potion of heal wounds {unknown}
 m - a potion of flight {unknown}
 o - a potion of degeneration {unknown}
 p - 3 potions of curing {unknown}


   Skills:
 * Level 3.5 Fighting
 * Level 3.4 Long Blades
 + Level 3.1 Slings
 + Level 3.1 Armour
 + Level 1.0 Dodging
 + Level 2.9 Shields


You had 4 spell levels left.
You didn't know any spells.
Your spell library contained the following spells:

 Spells                   Type           Power      Damage    Failure   Level
 Blink                    Tloc           0%         N/A       90%         2
 Animate Dead             Necr           0%         N/A       100%        4
 Manifold Assault         Tloc           0%         N/A       100%        5
 Haunt                    Necr/Summ      0%         N/A       100%        7
 Storm Form               Tmut/Air       0%         N/A       100%        7
 Infestation              Necr           0%         N/A       100%        8


Dungeon Overview and Level Annotations

Branches:
Dungeon (4/15)            Ossuary (1/1)
 Temple: D:4-7


Innate Abilities, Weirdness & Mutations

You have an increased reservoir of magic. (+10% MP)
You shall have no god before yourself.
Your divine heritage dramatically boosts your attributes as you level up.


Message History

The human zombie is lightly damaged.
You slash the human zombie!
The human zombie is moderately damaged.
The human zombie barely misses you.
You slash the human zombie!
The human zombie is heavily damaged.
The human zombie hits you.
* * * LOW HITPOINT WARNING * * *
You slash the human zombie!
The human zombie is severely damaged.
You slash the human zombie!
The human zombie is almost destroyed.
The human zombie hits you but does no damage.
You barely miss the human zombie.
The human zombie is almost destroyed.
You block the human zombie's attack.
You slash the human zombie!
You destroy the human zombie!
You are no longer berserk.
You are exhausted.
You feel yourself slow down.
You slash the jackal zombie!
You destroy the jackal zombie!
You slash the rat zombie!
You destroy the rat zombie!
The elf zombie barely misses you.
You closely miss the elf zombie. The elf zombie hits you.
* * * LOW HITPOINT WARNING * * *
You completely miss the elf zombie.
The elf zombie hits you but does no damage.
The elf zombie hits you.
* * * LOW HITPOINT WARNING * * *
You hit the elf zombie.
The elf zombie is lightly damaged.
The elf zombie barely misses you. The elf zombie completely misses you.
Unknown command.
It was a potion of resistance.
You feel protected. The elf zombie hits you.
You die...

#################
.∩...........#??#
............#?@#
#####.........#Z##
................Z#
.................#
..........##.....#
..........##.....#
.........Z.......#
..............#..#
.............##..#


You could see a rat zombie and an elf zombie.

Vanquished Creatures
  An ice beast (D:3)
  2 human zombies (Ossuary)
  2 hound zombies (Ossuary)
  A mummy (Ossuary)
  3 adders
  5 worms
  A dart slug (D:1)
  2 ball pythons (D:1)
  2 endoplasms
  4 giant cockroaches
  4 hobgoblins
  4 jackals (D:2)
  6 kobolds
  A quokka (D:3)
  4 bats
  2 frilled lizards
  4 goblins
  A jackal zombie (Ossuary)
  2 kobold zombies (Ossuary)
  2 orc zombies (Ossuary)
  4 rats
  A rat zombie (Ossuary)
58 creatures vanquished.

Vanquished Creatures (others)
  3 plants (D:1)
3 creatures vanquished.

Grand Total: 61 creatures vanquished

Notes
Turn   | Place    | Note
-------+----------+-------------------------------------------
     0 | D:1      | Morbidden the Demigod Fighter began the quest for the Orb.
     0 | D:1      | Reached XP level 1. HP: 18/18 MP: 3/3
   181 | D:1      | You fall into a shaft and drop 1 floor!
   290 | D:2      | Reached XP level 2. HP: 26/26 MP: 4/4
  1181 | D:1      | Reached XP level 3. HP: 31/31 MP: 5/5
  1419 | D:2      | Reached skill level 1 in Slings
  1997 | D:3      | Reached XP level 4. HP: 38/38 MP: 6/6
  2154 | D:3      | Noticed an ice beast
  2168 | D:3      | Killed an ice beast
  2169 | D:3      | Reached XP level 5. HP: 30/45 MP: 7/7
  2590 | D:4      | Found a sand-covered staircase.
  2594 | Ossuary  | Entered an ossuary
  2650 | Ossuary  | Reached skill level 1 in Dodging
  2663 | Ossuary  | HP: 1/45 [elf zombie (3)]
  2665 | Ossuary  | Slain by an elf zombie

Illustrated notes

Levels and vault maps discovered:
D:1:      saegor_arrival_simple_a, layout_basic,
          dreamdust_ecumenical_altar_statues, kennysheep_boxes
D:2:      minmay_chambers_of_twos, layout_basic, minmay_door_square, st_stairs_5
D:3:      layout_basic, lemuel_doored_altar, pdpol_wu_jian_five_deadly_venoms,
          minivault_5
D:4:      layout_rooms, enter_ossuary_3, gup_sewer_entry_pipe, uniq_duvessa
Ossuary:  ossuary_minmay_tomb_2a

Skill      XL: |  1  2  3  4  5 |
---------------+----------------+-----
Fighting       | 3 |  3.5
Long Blades    | 2 3 |  3.4
Slings         | 2 3 |  3.1
Armour         | 3 |  3.1
Dodging        | 1 |  1.0
Shields        | |  2.9

Action                   |  1- 3 |  4- 6 || total
-------------------------+-------+-------++-------
Melee: Long sword        |    37 |    58 ||    95
 Fire: Hunting sling     |    95 |    15 ||   110
Throw: Stone             |     7 |       ||     7
  Use: Potion            |       |     3 ||     3
Armor: Scale mail        |    36 |    38 ||    74
Dodge: Dodged            |    27 |    32 ||    59
Block: Buckler           |    19 |    15 ||    34
